 Dungeon Crawl Stone Soup version 0.29-a0-666-g26d293caef (webtiles) character file.

Game seed: 7797723648460801581

4761 Centieme the Cleaver (level 10, -3/132 HPs)
             Began as a Minotaur Berserker on June 23, 2022.
             Was a High Priest of Trog.
             Slain by a rust devil (7 damage)
             ... summoned by a kobold demonologist
             ... on level 7 of the Dungeon.
             The game lasted 00:17:59 (8256 turns).

Centieme the Cleaver (Minotaur Berserker)           Turns: 8256, Time: 00:17:59

Health: -3/132     AC: -14   Str: 23 (26) XL:     10   Next: 23%
Magic:  9/9        EV:  7    Int:  3 (4)  God:    Trog [*****.]
Gold:   222        SH:  4    Dex:  8 (10) Spells: 9/9 levels left

rFire   . . .      SeeInvis .   a - +0 war axe
rCold   . . .      Faith    .   A - +0 buckler
rNeg    . . .      Spirit   .   q - +0 plate armour
rPois   .          Reflect  .   s - +1 hat
rElec   .          Harm     .   j - +1 cloak
rCorr   .          Rampage  .   (no gloves)
Will    .....                   k - +0 pair of boots
Stlth   ..........              (no amulet)
HPRegen 0.32/turn               p - +4 ring of protection
MPRegen 0.11/turn               o - +4 ring of slaying

@: berserking (expiring), corroded, very quick
A: horns 2, retaliatory headbutt
a: Renounce Religion, Berserk, Trog's Hand, Brothers in Arms


You were on level 7 of the Dungeon.
You worshipped Trog.
Trog was extremely pleased with you.
You visited 1 branch of the dungeon, and saw 7 of its levels.
You also visited: Sewer.

You collected 396 gold pieces.
You spent 174 gold pieces at shops.

Inventory:

Hand Weapons
 a - a +0 war axe (weapon)
 b - a +3 morningstar
Missiles
 e - 70 stones
 w - 26 poisoned darts
 D - 5 boomerangs (quivered)
Armour
 j - a +1 cloak (worn)
 k - a +0 pair of boots (worn)
 m - a +0 kite shield
 q - a +0 plate armour (worn)
 s - a +1 hat (worn)
 A - a +0 buckler (worn)
Jewellery
 o - a +4 ring of slaying (right hand)
 p - a +4 ring of protection (left hand)
 y - a ring of poison resistance
Wands
 G - a wand of flame (15)
Scrolls
 d - 2 scrolls of enchant weapon
 g - 4 scrolls of fear
 h - a scroll of immolation
 i - 4 scrolls of teleportation
 r - a scroll of summoning {unknown}
 u - a scroll of fog {unknown}
 x - 2 scrolls of poison
 B - a scroll of silence {unknown}
 C - a scroll of torment {unknown}
Potions
 c - a potion of resistance {unknown}
 f - a potion of haste {unknown}
 l - a potion of lignification {unknown}
 n - 2 potions of might
 t - 3 potions of flight
 v - 4 potions of curing
 z - a potion of heal wounds
 E - a potion of magic {unknown}
 F - 4 potions of mutation


   Skills:
 * Level 8.1 Fighting
 * Level 12.5 Axes
 * Level 5.3 Throwing
 + Level 6.6 Armour
 + Level 3.2 Dodging
 - Level 0.2 Stealth
 * Level 5.9 Shields


You had 9 spell levels left.
You didn't know any spells.
Your spell library was empty.

Dungeon Overview and Level Annotations

Branches:
Dungeon (7/15) Zot: 26233  Temple (0/1) D:7           Sewer (visited)

Altars:
Ashenzari
Dithmenos
Gozag
Ru

Shops:
D:3 [   D:7 !

Annotations:
D:7 1 transporter


Innate Abilities, Weirdness & Mutations

You have a pair of horns on your head.
You reflexively headbutt those who attack you in melee.


Message History

The shadow imp disappears for a moment.
You hit the rust devil.
The rust devil is severely wounded.
You barely miss the rust devil. You block the rust devil's attack.
You slice the rust devil!!
You kill the rust devil!
The rust devil disappears in a puff of smoke!
You hit the rust devil but do no damage.
The shadow imp sputters.
The rust devil hits you!
* * * LOW HITPOINT WARNING * * *
The rust devil corrodes you!
You slash the smoke demon!
The smoke demon is moderately wounded.
You hit the rust devil but do no damage.
You barely miss the smoke demon.
The smoke demon is moderately wounded.
You hit the rust devil.
The sun demon disappears in a puff of smoke!
The smoke demon hits you!
* * * LOW HITPOINT WARNING * * *
The smoke demon barely misses you. The smoke demon hits you.
* * * LOW HITPOINT WARNING * * *
The rust devil hits you!
* * * LOW HITPOINT WARNING * * *
The rust devil corrodes you!
You hit the smoke demon but do no damage.
You headbutt the smoke demon, but do no damage.
The smoke demon is moderately wounded.
You hit the rust devil but do no damage.
The shadow imp grins evilly.
You block the smoke demon's attack. The smoke demon hits you.
* * * LOW HITPOINT WARNING * * *
The smoke demon hits you.
* * * LOW HITPOINT WARNING * * *
You hit the smoke demon. You headbutt the smoke demon!
The smoke demon is severely wounded.
You hit the rust devil but do no damage.
The rust devil hits you!
You die...

#####............................
....###...#.....##.....)....##.#.
###.# #...#.................##.#.
#.#######....###..........##.#.
#.............#.....#.###.##.#.
###..####.....©.......#.# #.##.#.
.....# ##.#########...#.###.##.#.
.....# #..#8P.©4≈8#...#.##.......
.....# #..#P..53@≈#.....#.#......
.....# #..####'####...##.##......
.....###..#5≈.§.≈5#...###.##.....
.....##...#5≈...≈o#........#.....
.###.#....#K≈≈≈≈≈K#.#.###....<...
.##.......#o≈P♣≈≈.#.#.##.###.....
.#........#5≈≈≈≈≈.#.#.#.## #.....
..........#.≈...≈.#.#...# #.....
.......##.#.≈...≈.#.###.## ##..##


You could see a rust devil (summoned), 2 kobold demonologists, a smoke demon
(summoned), an iron imp (summoned), 2 orc priests and 4 shadow imps.

Vanquished Creatures
  A manticore (D:6)
  The ghost of zebulonius the Cleaver, a novice MiBe of Trog (D:5)
  A troll (D:6)
  4 yaks (D:5)
  A water moccasin (D:6)
  Duvessa (D:5)
  2 ice beasts
  3 orc warriors
  A black bear (D:5)
  4 sky beasts
  A centaur (D:7)
  3 ogres
  3 bullfrogs
  2 necrophages (D:4)
  4 scorpions
  6 wights (D:6)
  Dowan (D:5)
  6 orc priests
  8 hounds
  3 jellies
  Jessica (D:2)
  An iguana (D:6)
  A hell rat (Sewer)
  An orc wizard (D:5)
  Terence (D:2)
  Robin (D:2)
  3 gnolls (D:4)
  8 adders
  3 river rats
  5 shadow imps
  6 white imps
  A worm (D:3)
  3 dart slugs
  31 orcs
  7 ball pythons
  5 endoplasms
  4 giant cockroaches
  13 goblins
  6 hobgoblins
  5 jackals
  11 kobolds
  3 quokkas
  4 bats
  6 frilled lizards
  13 rats
199 creatures vanquished.

Vanquished Creatures (others)
  2 fungi
  2 plants (D:7)
4 creatures vanquished.

Grand Total: 203 creatures vanquished

Notes
Turn   | Place    | Note
-------+----------+-------------------------------------------
     0 | D:1      | Centieme the Minotaur Berserker began the quest for the
                  | Orb.
     0 | D:1      | Reached XP level 1. HP: 19/19 MP: 0/0
   273 | D:1      | Reached XP level 2. HP: 26/27 MP: 1/1
   300 | D:1      | Reached skill level 4 in Axes
   500 | D:1      | Found a faded altar of an unknown god.
  1170 | D:2      | Reached ** piety under Trog
  1177 | D:2      | Reached XP level 3. HP: 33/33 MP: 2/2
  1180 | D:2      | Noticed Robin
  1189 | D:2      | Killed Robin
  1592 | D:2      | Reached XP level 4. HP: 40/40 MP: 3/3
  1598 | D:2      | Noticed Terence
  1607 | D:2      | Killed Terence
  1608 | D:2      | Reached skill level 1 in Throwing
  1760 | D:2      | Noticed Jessica
  1771 | D:2      | Killed Jessica
  1772 | D:2      | Reached skill level 5 in Axes
  2242 | D:3      | Reached XP level 5. HP: 47/47 MP: 4/4
  2307 | D:3      | Reached *** piety under Trog
  2841 | D:3      | Found Padunn's Antique Armour Shop.
  2985 | D:4      | Reached skill level 5 in Fighting
  3244 | D:4      | Reached skill level 6 in Axes
  3244 | D:4      | Reached XP level 6. HP: 36/56 MP: 5/5
  3587 | D:4      | Found a shadowy altar of Dithmenos.
  3604 | D:4      | Found an opulent altar of Gozag.
  3683 | D:4      | Reached skill level 1 in Shields
  4084 | D:4      | Reached skill level 7 in Axes
  4084 | D:4      | Reached XP level 7. HP: 53/61 MP: 6/6
  4239 | D:3      | Bought a buckler for 126 gold pieces
  4336 | D:5      | Entered Level 5 of the Dungeon
  4478 | D:5      | Noticed Dowan
  4592 | D:5      | Noticed Duvessa
  4598 | D:5      | Killed Duvessa
  4811 | D:5      | Noticed a yak
  4813 | D:5      | Noticed a yak
  4814 | D:5      | Noticed a yak
  4814 | D:5      | Noticed a yak
  4831 | D:5      | Killed a yak
  4841 | D:5      | Killed a yak
  4842 | D:5      | Reached skill level 8 in Axes
  4844 | D:5      | Killed a yak
  4845 | D:5      | Reached XP level 8. HP: 71/71 MP: 7/7
  4850 | D:5      | Reached skill level 5 in Armour
  4900 | D:5      | Reached **** piety under Trog
  4952 | D:5      | Killed Dowan
  5103 | D:5      | Reached skill level 9 in Axes
  5680 | D:5      | Found a transporter.
  5709 | D:5      | Noticed zebulonius's ghost (novice MiBe)
  5709 | D:5      | Identified the +6 giant spiked club of Greed {elec, Str+4}
  5713 | D:5      | Found a transporter.
  5786 | D:5      | Killed zebulonius's ghost
  5787 | D:5      | Reached skill level 10 in Axes
  5787 | D:5      | Reached XP level 9. HP: 30/79 MP: 8/8
  6448 | D:6      | Found a glowing drain.
  6464 | Sewer    | Entered a sewer
  6581 | D:6      | Reached skill level 5 in Shields
  6606 | D:6      | Reached skill level 11 in Axes
  6746 | D:6      | Found a broken altar of Ashenzari.
  6942 | D:6      | Found a sacrificial altar of Ru.
  7007 | D:6      | Noticed a troll
  7010 | D:6      | Killed a troll
  7011 | D:6      | Reached skill level 12 in Axes
  7037 | D:6      | Noticed a manticore
  7044 | D:6      | Killed a manticore
  7045 | D:6      | Reached XP level 10. HP: 88/88 MP: 9/9
  7309 | D:6      | Reached skill level 5 in Throwing
  7553 | D:7      | Found a staircase to the Ecumenical Temple.
  7595 | D:7      | Found a transporter.
  7635 | D:7      | Found a transporter.
  7731 | D:7      | Found Rusayseroq's Distillery.
  7744 | D:7      | Bought a potion of flight for 48 gold pieces
  7899 | D:7      | Reached ***** piety under Trog
  8234 | D:7      | Noticed a rust devil
  8238 | D:7      | Noticed a smoke demon
  8241 | D:7      | Noticed a rust devil
  8242 | D:7      | Noticed a sun demon
  8255 | D:7      | HP: 4/132 [smoke demon[a kobold demonologist] (5)]
  8256 | D:7      | Slain by a rust devil

Illustrated notes

Levels and vault maps discovered:
D:1:      dpeg_arrival_prison, layout_basic, ebering_ecumenical_altar_box
D:2:      layout_rooms, grunt_ministairs_1, amcnicky_mini_pool_small,
          uniq_jessica, uniq_terence, uniq_robin
D:3:      layout_loops_ring, serial_shops, shop, minmay_misc_feat_rugged,
          kennysheep_generic_room_5
D:4:      layout_basic, mainiacjoe_overflow_boulevard,
          mainiacjoe_overflow_chevrons
D:5:      layout_basic, gammafunk_ghost_smash, dreamdust_mushroom_princess,
          kennysheep_generic_room_10, uniq_duvessa
D:6:      minmay_thinvault, layout_basic, ashenzari_altar_1,
          nicolae_ru_path_of_blood, cheibrodos_sewer_entry_sluice,
          minmay_three_doors
D:7:      gammafunk_wand_slinger, layout_loops_ring, minmay_temple_entry_grid,
          serial_shops, shop

Skill      XL: |  1  2  3  4  5  6  7  8  9 10 |
---------------+-------------------------------+-----
Fighting       | 4 5 6 7 8 |  8.1
Axes           | 4 5 6 7 8 10 12 | 12.5
Throwing       | 1 2 3 4 5 |  5.3
Armour         | 3 4 5 6 |  6.6
Dodging        | 3 |  3.2
Shields        | 1 2 4 5 |  5.9
Stealth        | |  0.2

Action                   |  1- 3 |  4- 6 |  7- 9 | 10-12 || total
-------------------------+-------+-------+-------+-------++-------
Melee: Hand axe          |    80 |   130 |   174 |       ||   384
       Headbutt          |    14 |    28 |    38 |    14 ||    94
       War axe           |       |       |    44 |    57 ||   101
Throw: Boomerang         |       |       |       |    17 ||    17
Invok: Berserk           |     1 |     2 |     5 |     1 ||     9
  Use: Scroll            |     2 |     3 |     9 |     2 ||    16
       Potion            |       |     1 |     1 |     1 ||     3
Armor: Animal skin       |     5 |       |       |       ||     5
       Ring mail         |    42 |       |       |       ||    42
       Plate armour      |     1 |    70 |   112 |    40 ||   223
Dodge: Dodged            |    53 |    37 |    49 |    15 ||   154
Block: Buckler           |       |       |    41 |    16 ||    57

Table legend: (Time is in decaauts)
 A = Elapsed time spent in this place.
 B = Non-inter-level travel time spent in this place.
 C = Inter-level travel time spent in this place.
 D = Time resting spent in this place.
 E = Time spent auto-exploring this place.
 F = Levels seen in this place.
 G = Mean time per level.
                   A        B        C        D        E       F      G
               +--------+--------+--------+--------+--------+-----+--------+
         Total |   8307 |   7854 |    453 |   1686 |   4311 |   8 | 1038.4 |
       Dungeon |   8221 |   7768 |    453 |   1686 |   4286 |   7 | 1174.4 |
         Sewer |     85 |     85 |      0 |      0 |     25 |   1 |   85.0 |
               +--------+--------+--------+--------+--------+-----+--------+

Top non-repeatable levels by time:
     D:5: 1865 daAuts
     D:4: 1367 daAuts
     D:6: 1174 daAuts
     D:1: 1172 daAuts
     D:2: 994 daAuts
     D:3: 881 daAuts
     D:7: 765 daAuts
   Sewer: 85 daAuts
